 Dungeon Crawl Stone Soup version 0.16.2-12-gd0ad4c3 (webtiles) character file.

1283 HANFGEIST the Nimble (level 8, -6/37 HPs)
             Began as a Spriggan Air Elementalist on Oct 7, 2015.
             Mangled by a yak (10 damage)
             ... on level 8 of the Dungeon.
             The game lasted 00:29:15 (7417 turns).

HANFGEIST the Nimble (Spriggan Air Elementalist)    Turns: 7417, Time: 00:29:15

Health: -6/37      AC:  3    Str:  4    XL:     8   Next: 29%
Magic:  22/22      EV: 25    Int: 18    God:
Gold:   463        SH:  0    Dex: 17    Spells: 4 memorised, 5 levels left

rFire  . . .     SeeInvis +     d - +0 dagger
rCold  . . .     Clarity  +     a - +1 robe
rNeg   + . .     SustAb   .     (shield restricted)
rPois  .         Gourm    .     (helmet restricted)
rElec  .         Spirit   .     (no cloak)
rCorr  .         Warding  .     (gloves unavailable)
rMut   .         Stasis   .     (boots unavailable)
MR     +....                    (no amulet)
Stlth  +++.......               (no ring)
                                u - ring of positive energy

@: very quick, somewhat resistant to hostile enchantments, fairly stealthy
A: unfitting armour, see invisible, clarity, herbivore 3, speed 3, slow
metabolism 2
a: no special abilities


You were on level 8 of the Dungeon.
You were not hungry.

You visited 2 branches of the dungeon, and saw 9 of its levels.

You collected 463 gold pieces.

Inventory:

Hand weapons
 d - a +0 dagger (weapon)
Missiles
 j - 13 poisoned needles
 q - 4 poisoned tomahawks
 B - 2 tomahawks (quivered)
Armour
 a - a +1 robe (worn)
Jewellery
 u - a ring of positive energy (left hand)
Magical devices
 k - a wand of slowing (23)
 n - a wand of digging (14)
Scrolls
 e - a scroll of enchant weapon {unknown}
 i - 4 scrolls of remove curse
 l - 2 scrolls of teleportation {unknown}
 m - a scroll of enchant armour
 o - a scroll of recharging {unknown}
 p - 10 scrolls of identify
 r - a scroll of immolation {unknown}
 t - a scroll of amnesia {unknown}
 w - a scroll of brand weapon {unknown}
 x - a scroll of random uselessness {unknown}
 y - a scroll of fear {unknown}
 A - 2 scrolls of noise
Potions
 f - a potion of mutation {unknown}
 s - a potion of curing {unknown}
 v - a potion of cancellation {unknown}
 z - a potion of lignification {unknown}
Books
 b - a book of Air

   Spells                             Type                      Level
   a - Shock                          Conjuration/Air              1
   b - Swiftness                      Charms/Air                   2
   c - Repel Missiles                 Charms/Air                   2
   d - Flight                         Charms/Air                   3
   e - Static Discharge               Conjuration/Air              3
   f - Lightning Bolt                 Conjuration/Air              5
 h - a book of Frost

   Spells                             Type                      Level
   a - Freeze                         Ice                          1
   b - Throw Frost                    Conjuration/Ice              2
   c - Ozocubu's Armour               Charms/Ice                   3
   d - Throw Icicle                   Conjuration/Ice              4
   e - Summon Ice Beast               Ice/Summoning                4
   f - Condensation Shield            Ice                          4
Comestibles
 c - 3 bread rations
 g - 7 fruits


   Skills:
 + Level 1.6 Fighting
 + Level 9.4 Dodging
 - Level 3.0 Stealth
 * Level 3.8 Spellcasting
 - Level 3.5 Conjurations
 + Level 5.0 Air Magic
 * Level 3.0 Evocations


You had 5 spell levels left.
You knew the following spells:

 Your Spells              Type           Power        Failure   Level  Hunger
a - Shock                 Conj/Air       ###.         2%          1    None
b - Repel Missiles        Chrm/Air       ##....       12%         2    ##.....
c - Flight                Chrm/Air       ##........   21%         3    ###....
d - Static Discharge      Conj/Air       ###.....     10%         3    ###....


Dungeon Overview and Level Annotations

Branches:
Dungeon (8/15)             Temple (1/1) D:5            Lair (0/8) D:8

Altars:
Ashenzari
Cheibriados
Dithmenos
Elyvilon
Fedhas
Gozag
Kikubaaqudgha
Makhleb
Nemelex Xobeh
Okawaru
Qazlal
Ru
Sif Muna
Trog
Vehumet
Xom
Yredelemnul
Zin
The Shining One

Shops:
D:6 %


Innate Abilities, Weirdness & Mutations

You are tiny and cannot use many weapons and most armour.
You have supernaturally acute eyesight.
You are a herbivore.
You cover ground extremely quickly.
You need consume almost no food.
You possess an exceptional clarity of mind.


Message History

Your +0 robe glows green for a moment.
The basilisk hisses angrily.
The basilisk gazes at you. You resist with almost no effort.
Read which item? (? for menu, Esc to quit)
Okay, then.
A porcupine comes into view.
The yak bellows!
The basilisk hisses angrily.
A yak comes into view.
The basilisk bites the plant!
Found a staircase to the Lair.
The porcupine barely misses you.
The yak gores the bush!
The basilisk bites the plant!
A porcupine comes into view.
A rat comes into view.
The yak bellows! x3
The basilisk misses you. The porcupine completely misses you.
A hippogriff comes into view.
The yak gores the plant.
The yak gores you!
You die... ##..## .PP

##....###...P...
##........♣r....P.
#........♣P..♣...♣.
#...............P...
#.....(..rr.l......P #
#..$.....Yr.PP.r..P.
.####
##.......PYYr..PP..PP
......#
#.....#tYY.@...Y....
[..#...
###.#..###.r.l..♣...H.
.....#.
####....#####.rP..r.....
Y.......
#..........##..P........
##...
#........Y.Y...P........
#...#.
#..........######(....#
... ## ####....####
##### . # ###### # #


You could see 7 yaks, a hippogriff (wandering), 2 basilisks, a crocodile, 6
porcupines, 2 river rats and a rat.

Vanquished Creatures
  A water moccasin (D:7)
  2 ogres
  2 giant frogs (D:7)
  A goliath beetle (D:6)
  A giant frog zombie (D:5)
  3 hounds
  A gnoll shaman (D:7)
  2 crimson imps (D:5)
  A centaur skeleton (D:6)
  2 orc priests
  5 worker ants
  2 giant frog skeletons
  2 iguanas (D:7)
  3 orc wizards
  5 adders
  4 gnolls
  4 worms
  6 giant geckos
  An ooze (D:6)
  24 orcs
  A ball python (D:2)
  A bat skeleton (D:4)
  4 giant cockroaches
  8 goblins
  13 hobgoblins
  10 kobolds
  A quokka (D:7)
  14 bats
  4 giant newts
  A jackal skeleton (D:6)
  A quokka skeleton (D:6)
  10 rats
  2 ballistomycetes (D:6)
142 creatures vanquished.

Vanquished Creatures (others)
  A giant spore (D:6)
1 creature vanquished.

Grand Total: 143 creatures vanquished

Notes
Turn   | Place    | Note
--------------------------------------------------------------
     0 | D:1      | HANFGEIST, the Spriggan Air Elementalist, began the quest for the Orb.
     0 | D:1      | Reached XP level 1. HP: 9/9 MP: 4/4
   188 | D:1      | Reached XP level 2. HP: 13/13 MP: 7/7
   208 | D:1      | Reached skill level 4 in Dodging
   390 | D:1      | Reached skill level 1 in Conjurations
   645 | D:2      | Reached XP level 3. HP: 14/16 MP: 3/9
  1314 | D:3      | Reached skill level 5 in Dodging
  1314 | D:3      | Reached XP level 4. HP: 13/21 MP: 6/12
  1567 | D:3      | Found a sacrificial altar of Ru.
  1685 | D:3      | Found a blossoming altar of Fedhas.
  1778 | D:3      | HP: 1/21 [poisoned by an adder]
  1779 | D:3      | Gained mutation: You possess an exceptional clarity of mind. [potion of beneficial mutation]
  2575 | D:4      | Noticed an ogre
  2617 | D:4      | Killed an ogre
  2617 | D:4      | Reached skill level 6 in Dodging
  2617 | D:4      | Reached XP level 5. HP: 24/24 MP: 5/14
  3586 | D:5      | Entered Level 5 of the Dungeon
  3638 | D:5      | Reached skill level 7 in Dodging
  3638 | D:5      | Reached XP level 6. HP: 9/28 MP: 4/17
  3668 | D:5      | Noticed an ogre
  3692 | D:5      | Killed an ogre
  3780 | D:5      | Found a staircase to the Ecumenical Temple.
  3858 | Temple   | Entered the Ecumenical Temple
  4938 | D:5      | Reached skill level 8 in Dodging
  4938 | D:5      | Reached XP level 7. HP: 21/32 MP: 5/19
  4968 | D:5      | You fall through a shaft!
  5285 | D:6      | Found Chocakk's Food Shop.
  5301 | D:5      | Learned a level 2 spell: Repel Missiles
  5306 | D:5      | Learned a level 3 spell: Flight
  5310 | D:5      | Learned a level 3 spell: Static Discharge
  6386 | D:7      | Reached skill level 9 in Dodging
  6751 | D:7      | Reached skill level 1 in Fighting
  6751 | D:7      | Reached skill level 1 in Evocations
  6751 | D:7      | Reached XP level 8. HP: 14/37 MP: 0/21
  7145 | D:7      | Reached skill level 5 in Air Magic
  7414 | D:8      | Found a staircase to the Lair.
  7417 | D:8      | Mangled by a yak

Action                   |  1- 3 |  4- 6 |  7- 9 || total
-------------------------+-------+-------+-------++-------
Melee: Dagger            |    79 |    99 |   107 ||   285
Throw: Tomahawk          |       |     3 |    36 ||    39
 Cast: Shock             |    48 |   163 |    51 ||   262
       Static Discharge  |       |       |    33 ||    33
       Repel Missiles    |       |       |     1 ||     1
Evoke: Wand              |       |       |     3 ||     3
  Use: Potion            |       |     5 |       ||     5
       Scroll            |       |       |     5 ||     5
 Stab: Sleeping          |     7 |     5 |     4 ||    16
  Eat: Royal jelly       |       |     1 |       ||     1
       Pizza             |       |       |     3 ||     3
       Fruit             |       |       |     1 ||     1
